 Dungeon Crawl Stone Soup version 0.19.4-8-ga85b6b9 (webtiles) character file.

86 Naow the Shield-Bearer (level 4, -9/35 HPs)
             Began as a Formicid Fighter on Feb 14, 2017.
             Killed from afar by Naow's ghost (18 damage)
             ... with an orb of energy
             ... on level 3 of the Dungeon.
             The game lasted 00:02:32 (1903 turns).

Naow the Shield-Bearer (Formicid Fighter)           Turns: 1903, Time: 00:02:32

Health: -9/35      AC:  7    Str: 22    XL:     4   Next: 77%
Magic:  4/4        EV:  8    Int:  7    God:
Gold:   152        SH:  9    Dex: 10    Spells: 0 memorised, 3 levels left

rFire  . . .     SeeInvis +     a - +0 war axe
rCold  . . .     Gourm    .     b - +0 scale mail
rNeg   . . .     Faith    .     c - +0 shield
rPois  .         Spirit   .     (helmet unavailable)
rElec  .         Reflect  .     (no cloak)
rCorr  .         Harm     .     (no gloves)
MR     .....                    (no boots)
Stlth  ..........               (no amulet)
                                (no ring)
                                (no ring)

@: no status effects
A: permanent stasis, dig shafts and tunnels, four strong arms, antennae 3
a: Dig, Shaft Self


You were on level 3 of the Dungeon.
You were hungry.

You visited 1 branch of the dungeon, and saw 3 of its levels.

You collected 152 gold pieces.

Inventory:

Hand Weapons
 a - a +0 war axe (weapon)
Armour
 b - a +0 scale mail (worn)
 c - a +0 shield (worn)
Jewellery
 o - a +6 ring of slaying {unknown}
 r - an uncursed amulet of faith {unknown}
Scrolls
 e - 2 scrolls of enchant armour {unknown}
 g - a scroll of noise {unknown}
 i - 5 scrolls of identify {unknown}
 q - a scroll of enchant weapon {unknown}
Potions
 d - a potion of might
 h - a potion of flight {unknown}
 k - a potion of heal wounds {unknown}
 l - 2 potions of haste {unknown}
 n - 2 potions of ambrosia {unknown}
 p - a potion of brilliance {unknown}
 s - 2 potions of degeneration {unknown}
Comestibles
 f - 2 bread rations
 j - a meat ration
 m - a beef jerky


   Skills:
 - Level 3.2 Fighting
 * Level 3.3 Axes
 + Level 4.1 Armour
 + Level 4.4 Shields


You had 3 spell levels left.
You didn't know any spells.

Dungeon Overview and Level Annotations

Branches:
Dungeon (3/15)

Altars:
Cheibriados

Annotations:
D:3 Naow's ghost, amateur DECj


Innate Abilities, Weirdness & Mutations

You are under a permanent stasis effect.
You can dig through walls and to a lower floor.
Your four strong arms can wield two-handed weapons with a shield.
You have a pair of large antennae on your head. (SInv)


Message History

There are monsters nearby!
Naow's ghost gestures at you while chanting.
The orb of energy hits you!
Ouch! That really hurt!
* * * LOW HITPOINT WARNING * * *
You see here a leather armour.
Naow's ghost screams, "I'll kill anyone who wants the ORB!"
You block the giant cockroach's attack. You block the giant cockroach's attack.
Naow's ghost points at you and mumbles some strange words.
The magic dart hits you! The giant cockroach bites you.
* * * LOW HITPOINT WARNING * * *
There is a stone staircase leading up here.
The giant cockroach waves its antennae.
You block the giant cockroach's attack.
Naow's ghost points at you and mumbles some strange words.
The orb of energy hits you!
Ouch! That really hurt!
You die...

##.#####.........# ..#
#....(...........# #.####
#......W.{..W....####.#..
#.......{...#.........#.###
#...........#........#....
...###.###..#...####.#..##
...# #+# #..#........#..#
..## ##.#...s.#.....####
### #.#.#.@.##.......#
#.#.#.......#.##.#
##.#.....###.# # ..#.....#
#.# # #.....# #.# #.#.#..
... #...#.###.# #.###.# #.
#..


You could see Naow's ghost and a giant cockroach.

Vanquished Creatures
  2 adders
  3 worms (D:2)
  A leopard gecko (D:1)
  A ball python (D:2)
  6 giant cockroaches (D:1)
  6 hobgoblins
  4 quokkas
  5 bats
  7 frilled lizards
  7 goblins
  8 kobolds
  6 rats
56 creatures vanquished.

Notes
Turn   | Place    | Note
-------+----------+-------------------------------------------
     0 | D:1      | Naow the Formicid Fighter began the quest for the Orb.
     0 | D:1      | Reached XP level 1. HP: 18/18 MP: 1/1
   181 | D:1      | Reached XP level 2. HP: 24/24 MP: 2/2
   425 | D:1      | Reached XP level 3. HP: 29/29 MP: 3/3
  1151 | D:2      | Reached XP level 4. HP: 31/35 MP: 4/4
  1474 | D:2      | Found a snail-covered altar of Cheibriados.
  1877 | D:3      | Noticed Naow's ghost (amateur DECj)
  1903 | D:3      | Killed from afar by Naow's ghost

Skill      XL: |  1  2  3  4 |
---------------+-------------+-----
Shields        | 4 |  4.4
Armour         | 4 |  4.1
Axes           | 3 |  3.3
Fighting       | |  3.2

Action                   |  1- 3 |  4- 6 || total
-------------------------+-------+-------++-------
Melee: War axe           |   116 |    74 ||   190
  Eat: Chunk             |     1 |     2 ||     3
Armor: Scale mail        |    65 |    25 ||    90
Dodge: Dodged            |    51 |    31 ||    82
Block: Shield            |    71 |    48 ||   119
